A+ EAST
ASHEVILLE TOURISTS @ JERSEY SHORE BLUECLAWS
06/17/2042
 
TOP OF THE 1ST
Asheville Tourists batting - Pitching for Jersey Shore BlueClaws : RHP Reginald Harrison
Pitching: RHP Reginald Harrison
Batting: RHB Raúl Villa 0-0: Ball
1-0: Ball
2-0: Ball
3-0: Called Strike
3-1: Base on Balls
Batting: SHB José Morán 0-0: Ball
1-0: Foul Ball, location: 2LF
1-1: Called Strike
1-2: Ball
2-2: Ball
3-2: Foul Ball, location: 5FF
Pickoff Throw to First - Out! 1-3 CS
3-2: Base on Balls
Batting: RHB Jared Clemente 0-0: Called Strike
0-1: Ground out 4-3 (Groundball, 34S, EV 73.8 MPH)
José Morán to second
Batting: SHB Erik Ashe 0-0: Ball
1-0: Ball
2-0: SINGLE (Line Drive, 3D, EV 99.4 MPH)
José Morán to third
Runner from 3rd tries for Home, throw by RF and OUT! 9-2
Top of the 1st over - 0 runs, 1 hit, 0 errors, 1 left on base; Asheville 0 - Jersey Shore 0
BOTTOM OF THE 1ST
Jersey Shore BlueClaws batting - Pitching for Asheville Tourists : RHP Walt Taylor
Pitching: RHP Walt Taylor
Batting: RHB Kevin Tidwell 0-0: Ball
1-0: Ground out 6-3 (Groundball, 6, EV 88.1 MPH)
Batting: RHB Víctor Peña 0-0: Called Strike
0-1: Ball
1-1: Ball
2-1: Swinging Strike
2-2: Strikes out looking
Batting: LHB Jonathan Cole 0-0: Called Strike
0-1: Ball
1-1: Ball
2-1: Called Strike
2-2: Foul Ball, location: 23FF
2-2: Foul Ball, location: 2F
2-2: Foul Ball, location: 23F
2-2: Foul Ball, location: 5SF
2-2: Foul Ball, location: 9LMF
2-2: Ball
3-2: Foul Ball, location: 2F
3-2: Foul Ball, location: 2F
3-2: Foul Ball, location: 5FF
3-2: Foul Ball, location: 2F
3-2: TRIPLE (Line Drive, 8RXD, EV 104.4 MPH)
Batting: RHB Doug McDowell 0-0: Ball
1-0: Called Strike
1-1: Called Strike
1-2: Foul Ball, location: 2F
1-2: Fly out, F2 (Popup, 2RF, EV 88.8 MPH)
Bottom of the 1st over - 0 runs, 1 hit, 0 errors, 1 left on base; Asheville 0 - Jersey Shore 0
TOP OF THE 2ND
Asheville Tourists batting - Pitching for Jersey Shore BlueClaws : RHP Reginald Harrison
Batting: LHB Mike Halfyard 0-0: Called Strike
0-1: Ground out 3-1 (Groundball, 34, EV 108.1 MPH)
Batting: RHB Lou Horn 0-0: Ball
1-0: Foul Ball, location: 5F
1-1: Ball
2-1: Ball
3-1: Foul Ball, location: 2F
3-2: Foul Ball, location: 2F
3-2: Base on Balls
Batting: RHB Jimmy Davidson 0-0: Swinging Strike
0-1: Foul Ball, location: 2F
0-2: Ball
1-2: Foul Ball, location: 2F
1-2: Ball
2-2: Strikes out looking
Batting: RHB Clint Hancock 0-0: Foul Ball, location: 2F
0-1: Swinging Strike
0-2: Ball
1-2: Ball
2-2: Foul Ball, location: 3F
2-2: Strikes out swinging
Top of the 2nd over - 0 runs, 0 hits, 0 errors, 1 left on base; Asheville 0 - Jersey Shore 0
BOTTOM OF THE 2ND
Jersey Shore BlueClaws batting - Pitching for Asheville Tourists : RHP Walt Taylor
Batting: LHB Chris O'Keefe 0-0: Ball
1-0: Foul Ball, location: 9LDF
1-1: Foul Ball, location: 3F
1-2: Foul Ball, location: 2F
1-2: Strikes out swinging
Batting: RHB José Velásquez 0-0: Called Strike
0-1: Foul Ball, location: 5F
0-2: Foul Ball, location: 9LDF
0-2: Ball
1-2: Ball
2-2: Ball
3-2: Strikes out swinging
Batting: SHB Belchior Daeghsels 0-0: Called Strike
0-1: Ball
1-1: Ball
2-1: Ground out 4-3 (Groundball, 4, EV 88.1 MPH)
Bottom of the 2nd over - 0 runs, 0 hits, 0 errors, 0 left on base; Asheville 0 - Jersey Shore 0
TOP OF THE 3RD
Asheville Tourists batting - Pitching for Jersey Shore BlueClaws : RHP Reginald Harrison
Batting: RHB Tim Brown 0-0: Fly out, F9 (Flyball, 9D, EV 105.0 MPH)
Batting: RHB Raúl Villa 0-0: Ball
1-0: Foul Ball, location: 3FF
1-1: Ball
2-1: Ball
3-1: Called Strike
3-2: Ground out 5-3 (Groundball, 56, EV 85.6 MPH)
Batting: SHB José Morán 0-0: Called Strike
0-1: Foul Ball, location: 5SF
0-2: Foul Ball, location: 7LSF
0-2: Strikes out swinging
Top of the 3rd over - 0 runs, 0 hits, 0 errors, 0 left on base; Asheville 0 - Jersey Shore 0
BOTTOM OF THE 3RD
Jersey Shore BlueClaws batting - Pitching for Asheville Tourists : RHP Walt Taylor
Batting: RHB José Serrano 0-0: Fly out, F8 (Flyball, 8LS, EV 79.4 MPH)
Batting: LHB Ghenima Karani 0-0: Foul Ball, location: 23FF
0-1: Swinging Strike
0-2: Strikes out swinging
Batting: RHB Kevin Tidwell 0-0: Called Strike
0-1: Swinging Strike
0-2: Ball
1-2: Ball
2-2: Strikes out looking
Bottom of the 3rd over - 0 runs, 0 hits, 0 errors, 0 left on base; Asheville 0 - Jersey Shore 0
TOP OF THE 4TH
Asheville Tourists batting - Pitching for Jersey Shore BlueClaws : RHP Reginald Harrison
Batting: RHB Jared Clemente 0-0: Foul Ball, location: 9LMF
0-1: Ball
1-1: Ball
2-1: SINGLE (Groundball, 56D, EV 99.4 MPH)
Batting: SHB Erik Ashe 0-0: Ball
1-0: SINGLE (Groundball, 6D, EV 104.4 MPH)
Jared Clemente to second
Batting: LHB Mike Halfyard 0-0: Swinging Strike
0-1: Foul Ball, location: 7LMF
0-2: Ball
1-2: Ball
2-2: Strikes out looking
Batting: RHB Lou Horn 0-0: Called Strike
0-1: Ball
1-1: Grounds into double play, 4-6-3 (Groundball, 4M, EV 105.6 MPH)
Top of the 4th over - 0 runs, 2 hits, 0 errors, 1 left on base; Asheville 0 - Jersey Shore 0
BOTTOM OF THE 4TH
Jersey Shore BlueClaws batting - Pitching for Asheville Tourists : RHP Walt Taylor
Batting: RHB Víctor Peña 0-0: Called Strike
0-1: Ball
1-1: Swinging Strike
1-2: Strikes out swinging
Batting: LHB Jonathan Cole 0-0: Called Strike
0-1: Called Strike
0-2: Ball
1-2: Ball
2-2: Foul Ball, location: 5SF
2-2: Ball
3-2: Base on Balls
Batting: RHB Doug McDowell 0-0: Grounds into double play, 1-6-3 (Groundball, 13S, EV 74.4 MPH)
Bottom of the 4th over - 0 runs, 0 hits, 0 errors, 0 left on base; Asheville 0 - Jersey Shore 0
TOP OF THE 5TH
Asheville Tourists batting - Pitching for Jersey Shore BlueClaws : RHP Reginald Harrison
Batting: RHB Jimmy Davidson 0-0: DOUBLE (Line Drive, 7LS, EV 109.4 MPH)
Batting: RHB Clint Hancock 0-0: Ball
1-0: Ball
2-0: Ball
3-0: Called Strike
3-1: Foul Ball, location: 2F
3-2: Foul Ball, location: 3F
3-2: Base on Balls
Batting: RHB Tim Brown 0-0: Ball
Jimmy Davidson steals 3rd base
Pickoff Throw to First - Out! 1-3
1-0: Ball
2-0: Ball
3-0: Called Strike
3-1: Base on Balls
Batting: RHB Raúl Villa 0-0: Called Strike
0-1: Swinging Strike
0-2: Ball
1-2: Foul Ball, location: 5F
1-2: Strikes out looking
Batting: SHB José Morán 0-0: Ball
1-0: Ball
2-0: Foul Ball, location: 2F
2-1: Ball
3-1: Base on Balls
Tim Brown to second
Pitching: LHP Juan White
Batting: RHB Jared Clemente 0-0: Called Strike
0-1: Ground out 1-3 (Groundball, P, EV 71.9 MPH)
Top of the 5th over - 0 runs, 1 hit, 0 errors, 3 left on base; Asheville 0 - Jersey Shore 0
BOTTOM OF THE 5TH
Jersey Shore BlueClaws batting - Pitching for Asheville Tourists : RHP Walt Taylor
Batting: LHB Chris O'Keefe 0-0: Ground out 4-3 (Groundball, 4D, EV 106.9 MPH)
Batting: RHB José Velásquez 0-0: Ball
1-0: Foul Ball, location: 2F
1-1: Ground out 5-3 (Groundball, 56, EV 102.5 MPH)
Batting: SHB Belchior Daeghsels 0-0: SINGLE (Line Drive, 6MD, EV 110.0 MPH)
Batting: RHB José Serrano 0-0: Ball
1-0: Fly out, F9 (Flyball, 89D, EV 109.4 MPH)
Bottom of the 5th over - 0 runs, 1 hit, 0 errors, 1 left on base; Asheville 0 - Jersey Shore 0
TOP OF THE 6TH
Asheville Tourists batting - Pitching for Jersey Shore BlueClaws : LHP Juan White
Batting: SHB Erik Ashe 0-0: Ground out 5-3 (Groundball, 56S, EV 71.3 MPH)
Batting: LHB Mike Halfyard 0-0: Ball
1-0: Foul Ball, location: 2F
1-1: Foul Ball, location: 2F
1-2: Strikes out swinging
Batting: RHB Lou Horn 0-0: Called Strike
0-1: Ground out U3 (Groundball, 34, EV 99.4 MPH)
Top of the 6th over - 0 runs, 0 hits, 0 errors, 0 left on base; Asheville 0 - Jersey Shore 0
BOTTOM OF THE 6TH
Jersey Shore BlueClaws batting - Pitching for Asheville Tourists : RHP Walt Taylor
Batting: LHB Ghenima Karani 0-0: Foul Ball, location: 3FF
0-1: Foul Ball, location: 2F
0-2: Ball
1-2: Ball
2-2: Ball
3-2: Foul Ball, location: 7LSF
3-2: Base on Balls
Batting: RHB Kevin Tidwell 0-0: Sac Bunt to 15 - play at first, batter OUT! 1-3
Ghenima Karani to second
Batting: RHB Víctor Peña 0-0: Called Strike
0-1: Ball
1-1: Ball
2-1: Foul Ball, location: 9LDF
2-2: Ball
3-2: Base on Balls
Batting: LHB Jonathan Cole 0-0: Swinging Strike
0-1: Swinging Strike
0-2: Strikes out looking
Batting: RHB Doug McDowell 0-0: Called Strike
0-1: Ball
1-1: Ball
2-1: Ball
3-1: SINGLE (Groundball, 6MD, EV 105.0 MPH)
Ghenima Karani to third
Víctor Peña to second
Runner from 3rd tries for Home, SAFE, throw by CF to home
Batting: LHB Chris O'Keefe 0-0: Called Strike
0-1: Ball
1-1: Ball
2-1: Ball
3-1: Swinging Strike
3-2: Base on Balls
Víctor Peña to third
Doug McDowell to second
Pitching: RHP Jorge Elizondo
Batting: RHB José Velásquez 0-0: Foul Ball, location: 9LSF
0-1: Foul Ball, location: 3F
0-2: Ball
1-2: Ball
2-2: Ground out 4-3 (Groundball, 4, EV 91.9 MPH)
Bottom of the 6th over - 1 run, 1 hit, 0 errors, 3 left on base; Asheville 0 - Jersey Shore 1
TOP OF THE 7TH
Asheville Tourists batting - Pitching for Jersey Shore BlueClaws : LHP Juan White
Batting: RHB Jimmy Davidson 0-0: Ball
1-0: Ground out 4-3 (Groundball, 4MS, EV 86.9 MPH)
Batting: RHB Clint Hancock 0-0: Fly out, F8 (Line Drive, 8LM, EV 83.8 MPH)
Batting: RHB Tim Brown 0-0: Foul Ball, location: 2F
0-1: Called Strike
0-2: Ball
1-2: Strikes out swinging
Top of the 7th over - 0 runs, 0 hits, 0 errors, 0 left on base; Asheville 0 - Jersey Shore 1
BOTTOM OF THE 7TH
Jersey Shore BlueClaws batting - Pitching for Asheville Tourists : RHP Jorge Elizondo
Batting: SHB Belchior Daeghsels 0-0: Called Strike
0-1: Foul Ball, location: 5F
0-2: Ball
1-2: Fly out, F6 (Flyball, 56D, EV 96.3 MPH)
Batting: RHB José Serrano 0-0: Ball
1-0: SOLO HOME RUN (Flyball, 7D, EV 100.0 MPH), Distance : 374 ft
Batting: LHB Ghenima Karani 0-0: Called Strike
0-1: Ball
1-1: Ball
2-1: Ball
3-1: Base on Balls
Batting: RHB Kevin Tidwell 0-0: Swinging Strike
0-1: Called Strike
0-2: Foul Ball, location: 9LSF
0-2: Strikes out swinging
Batting: RHB Víctor Peña 0-0: Called Strike
0-1: Foul Ball, location: 23F
0-2: Fielders Choice at 2nd, 6-4 (Groundball, 6, EV 99.4 MPH)
Bottom of the 7th over - 1 run, 1 hit, 0 errors, 1 left on base; Asheville 0 - Jersey Shore 2
TOP OF THE 8TH
Asheville Tourists batting - Pitching for Jersey Shore BlueClaws : LHP Juan White
Batting: RHB Raúl Villa 0-0: Called Strike
0-1: Ball
1-1: TRIPLE (Line Drive, 78XD, EV 103.1 MPH)
Pinch Hitting: RHB Ben Jacobson 0-0: Ball
1-0: Foul Ball, location: 2F
1-1: Foul Ball, location: 2F
1-2: Ball
2-2: Ball
3-2: Fly out, F8 (Flyball, 8RM, EV 84.4 MPH)
Runner from 3rd tags up, SCORES, throw by CF
Batting: RHB Jared Clemente 0-0: Ball
1-0: Foul Ball, location: 9LMF
1-1: Ball
2-1: Swinging Strike
2-2: Strikes out swinging
Batting: SHB Erik Ashe 0-0: Called Strike
0-1: Ground out 4-3 (Groundball, 34D, EV 100.6 MPH)
Top of the 8th over - 1 run, 1 hit, 0 errors, 0 left on base; Asheville 1 - Jersey Shore 2
BOTTOM OF THE 8TH
Jersey Shore BlueClaws batting - Pitching for Asheville Tourists : RHP Jorge Elizondo
Now at 2B: Jimmy Davidson
Now at SS: Ben Jacobson
Batting: LHB Jonathan Cole 0-0: Ball
1-0: Ball
2-0: Ball
3-0: Called Strike
3-1: Base on Balls
Batting: RHB Doug McDowell 0-0: Swinging Strike
0-1: Grounds into double play, 5-4-3 (Groundball, 56, EV 91.3 MPH)
Batting: LHB Chris O'Keefe 0-0: Ball
1-0: Called Strike
1-1: Ball
2-1: Foul Ball, location: 2F
2-2: Ball
3-2: Foul Ball, location: 2F
3-2: Base on Balls
Batting: RHB José Velásquez 0-0: Ball
1-0: Foul Ball, location: 2F
1-1: Ball
2-1: Fly out, F9 (Flyball, 9, EV 90.0 MPH)
Bottom of the 8th over - 0 runs, 0 hits, 0 errors, 1 left on base; Asheville 1 - Jersey Shore 2
TOP OF THE 9TH
Asheville Tourists batting - Pitching for Jersey Shore BlueClaws : LHP Juan White
Pitching: RHP Kevin Milman
Now at 1B: Gijsbert Kranendonk
Batting: LHB Mike Halfyard 0-0: Foul Ball, location: 9LMF
0-1: Ball
1-1: Ball
2-1: Ball
3-1: Foul Ball, location: 2F
3-2: Base on Balls
Pinch Hitting: LHB Héctor Jourdan 0-0: Ball
1-0: Called Strike
1-1: Called Strike
1-2: Hit by Pitch
Mike Halfyard to second
Batting: RHB Jimmy Davidson 0-0: Sac Bunt to 13 - play at first, batter OUT! 1-4
Mike Halfyard to third
Héctor Jourdan to second
Batting: RHB Clint Hancock 0-0: Intentional Walk
Batting: RHB Tim Brown 0-0: Ball
1-0: Ball
2-0: Called Strike
2-1: GRAND SLAM HOME RUN (Flyball, 9LD, EV 91.3 MPH), Distance : 348 ft
Pitching: RHP Jeff Neal
Batting: RHB Raúl Villa 0-0: Ball
1-0: Foul Ball, location: 9LSF
1-1: Ball
2-1: Ground out 1-3 (Groundball, 34S, EV 71.9 MPH)
Batting: RHB Ben Jacobson 0-0: Ball
1-0: Ball
2-0: Ball
3-0: Called Strike
3-1: Called Strike
3-2: Base on Balls
Batting: RHB Jared Clemente 0-0: Ball
1-0: Ball
2-0: Ball
3-0: Base on Balls
Ben Jacobson to second
Batting: SHB Erik Ashe 0-0: Ball
1-0: Fly out, F7 (Line Drive, 7LM, EV 90.0 MPH)
Top of the 9th over - 4 runs, 1 hit, 0 errors, 2 left on base; Asheville 5 - Jersey Shore 2
BOTTOM OF THE 9TH
Jersey Shore BlueClaws batting - Pitching for Asheville Tourists : RHP Jorge Elizondo
Pitching: RHP José Ramírez
Now at 3B: José Carlos Rangel
Batting: SHB Belchior Daeghsels 0-0: Called Strike
0-1: Ball
1-1: Ball
2-1: Foul Ball, location: 2RF
2-2: Ball
3-2: Ground out 2-3 (Groundball, 13S, EV 71.3 MPH)
Pinch Hitting: LHB Phil Rabasco 0-0: Ground out 6-3 (Groundball, 6, EV 83.8 MPH)
Batting: RHB Esteban Peña 0-0: Swinging Strike
0-1: Ball
1-1: Ball
2-1: Foul Ball, location: 5DF
2-2: Ball
3-2: Foul Ball, location: 9LSF
3-2: Base on Balls
Pinch Hitting: LHB Rod Yabsley 0-0: Called Strike
0-1: SINGLE (Line Drive, 4D, EV 103.8 MPH)
Esteban Peña to second
Batting: RHB Víctor Peña 0-0: Ball
1-0: Swinging Strike
1-1: Swinging Strike
1-2: Ball
2-2: Ball
3-2: Strikes out looking
Bottom of the 9th over - 0 runs, 1 hit, 0 errors, 2 left on base; Asheville 5 - Jersey Shore 2
Friday, May 3rd , 2024 - OOTP Baseball 24.10 Build 82